 Dungeon Crawl Stone Soup version 0.31-a0-986-g5e6e4ef867 (webtiles) character file.

Game seed: 11315088132230939084

373 wildpjah the Sneak (level 6, -1/34 HPs)
             Began as a Tengu Enchanter on Nov 20, 2023.
             Slain by an orc wizard
             ... wielding a +0 dagger
              (3 damage)
             ... on level 4 of the Dungeon.
             The game lasted 00:04:38 (2147 turns).

wildpjah the Sneak (Tengu Enchanter)                Turns: 2147, Time: 00:04:38

Health: -1/34      AC: 12    Str: 10    XL:     6   Next: 72%
Magic:  10/10      EV: 10    Int: 16    God:
Gold:   161        SH:  0    Dex: 17    Spells: 10/10 levels left

rFire   . . .        h - +1 dagger (speed)
rCold   . . .        (no shield)
rNeg    . . .        j - +6 scale mail "Xaclojib" {Drain rPois rCorr Dex+3}
rPois   +            (helmet restricted)
rElec   .            (no cloak)
rCorr   +            (no gloves)
SInv    .            (boots unavailable)
Will    .....        (no amulet) Stlth
                     (no ring)
HPRegen 0.25/turn    (no ring)
MPRegen 0.12/turn

%: acrobat
@: confused
A: beak, talons 3, acrobatic
a: no special abilities


You were on level 4 of the Dungeon.
You visited 1 branch of the dungeon, and saw 4 of its levels.

You collected 161 gold pieces.

Inventory:

Hand Weapons
 a - a +1 dagger
 e - a +1 dagger of protection
 h - a +1 dagger of speed (weapon)
Armour
 b - a +0 robe
 j - the +6 scale mail "Xaclojib" (worn) {Drain rPois rCorr Dex+3}
   (You found it on level 2 of the Dungeon)

   Dex+3:     It affects your dexterity (+3).
   rPois:     It protects you from poison rCorr: It protects you from acid and
   corrosion.
   Drain:     It drains your maximum health when unequipped.
Jewellery
 q - a +6 ring of intelligence
Scrolls
 f - a scroll of torment
 g - a scroll of brand weapon
 k - a scroll of poison
 l - 2 scrolls of teleportation
 o - a scroll of immolation
Potions
 c - 4 potions of invisibility
 d - a potion of cancellation {unknown}
 m - a potion of enlightenment {unknown}
 n - a potion of berserk rage {unknown}


   Skills:
 + Level 1.1 Fighting
 + Level 3.0 Short Blades
 + Level 2.6 Armour
 + Level 3.8 Dodging
 + Level 4.3 Stealth
 + Level 2.5 Spellcasting
 + Level 2.9 Hexes


You had 10 spell levels left.
You didn't know any spells.
Your spell library contained the following spells:

 Spells                   Type           Power      Damage    Failure   Level
 Ensorcelled Hibernation  Hex/Ice        12%        N/A       71%         2
 Confusing Touch          Hex            11%        N/A       75%         3
 Tukima's Dance           Hex            11%        N/A       75%         3
 Dazzling Flash           Conj/Hex       12%        N/A       90%         3
 Dimensional Bullseye     Hex/Tloc       3%         N/A       100%        4
 Iskenderun's Mystic Bla  Conj/Tloc      2%         2d3       100%        4


Dungeon Overview and Level Annotations

Branches:
Dungeon (4/15)
 Temple: D:4-7

Altars:
Hepliaklqana

Shops:
D:2 !


Innate Abilities, Weirdness & Mutations

You have a beak for a mouth.
You have claws for feet.
You can magically evade attacks while moving or waiting.


Message History

The magic dart hits you. The orc hits you but does no damage.
An orc wizard appears from thin air!
Reactivating autopickup.
The orc wizard casts a spell at you.
You are more confused.
The orc attacks as it pursues you! The orc hits you but does no damage.
You barely miss the orc. Your peck misses the orc.
The orc is moderately wounded.
You hit the orc. You claw the orc, but do no damage.
The orc is severely wounded.
The orc hits you with a +0 mace. The orc wizard completely misses you.
The orc completely misses you.
You bump into the rock wall.
The orc wizard casts a spell at you.
You are more confused.
The orc hits you with a +0 mace.
* * * LOW HITPOINT WARNING * * *
You're too confused to move!
The orc wizard hits you but does no damage.
The orc closely misses you.
You bump into the rock wall.
The orc wizard gestures wildly while chanting.
The orc wizard flickers and vanishes!
Deactivating autopickup; reactivate with Ctrl-A.
The orc barely misses you.
You hit the orc but do no damage. You claw the orc.
You kill the orc!
Something hits you but does no damage.
You bump into the rock wall.
Something hits you but does no damage. Something hits you.
* * * LOW HITPOINT WARNING * * *
Things that are here:
a +0 mace; a +0 chain mail; an orc corpse You bump into the rock wall.
You hear some strange, mumbled words.
A puff of flame appears from out of thin air!
The puff of flame hits you.
* * * LOW HITPOINT WARNING * * *
You bump into the rock wall.
Something hits you.
You die...

****,,,,.........#,,...#,,,,,,,,,
,,,,,,,,.........#,,....,,,,,,,,,
,,,,,,,,.........#,.....,,,,,,,,,
,,,,,,,,.........#,.....,,,,,,,,,
,,,,,,,,.........#......**,,,,,,,
,,,,,,,,.........#......**,,,,,,,
,,,,****###+####.)......#*,,,,,,,
,,,,* ##.####.###....#*,,,,,,,
,,,,* ##.####@{##....#********
***** ##.###....#....#
***##.###....#....#******
*,,...###8..8####~~~~~~~***
*,#######8..8#~~~~≈~~~~~~~~
*,#...###~..~~~≈≈≈≈~~~~~~~~
*,*O#.<~~~..≈≈≈≈≈≈~~~~~~~~~ ***
*#...~~~~≈≈..≈≈≈~~~~***~~~~~
~~***#~~~~~≈≈≈≈≈..~~~~...******~~


There were no monsters in sight!

Vanquished Creatures
  Sigmund (D:3)
  A hound (D:3)
  An iguana (D:4)
  2 orc wizards
  3 adders
  A worm (D:3)
  2 dart slugs
  10 orcs
  6 bats
  7 endoplasms
  4 giant cockroaches
  5 goblins
  3 hobgoblins
  3 jackals (D:2)
  3 kobolds
  2 quokkas
  5 ball pythons
  6 frilled lizards
  3 rats
68 creatures vanquished.

Notes
Turn   | Place    | Note
-------+----------+-------------------------------------------
     0 | D:1      | wildpjah the Tengu Enchanter began the quest for the Orb.
     0 | D:1      | Reached XP level 1. HP: 10/10 MP: 4/4
    61 | D:1      | Reached XP level 2. HP: 14/15 MP: 6/6
   180 | D:1      | Reached XP level 3. HP: 17/19 MP: 7/7
   362 | D:2      | Found a hazy altar of Hepliaklqana.
   479 | D:2      | Identified the +0 dagger "Guavaecu" {holy, rC+ Will+ Str-3
                  | Int+2}
   487 | D:2      | Identified the +6 scale mail "Xaclojib" {Drain rPois rCorr
                  | Dex+3}
   741 | D:2      | Found Eryxakhli's Distillery.
  1127 | D:3      | Reached XP level 4. HP: 24/24 MP: 8/8
  1417 | D:3      | Noticed Sigmund
  1489 | D:3      | Killed Sigmund
  1490 | D:3      | Reached skill level 1 in Armour
  1490 | D:3      | Reached skill level 4 in Stealth
  1490 | D:3      | Reached XP level 5. HP: 6/28 MP: 9/9
  1490 | D:3      | Reached XP level 6. HP: 8/33 MP: 10/10
  1655 | D:3      | Reached skill level 1 in Fighting
  2147 | D:4      | Slain by an orc wizard

Illustrated notes

Levels and vault maps discovered:
D:1:      minmay_arrival_plants_in_alcoves, layout_rooms,
          shapermc_ecumenical_altar_acropolis, due_unseen_surprise
D:2:      layout_loops_ring, basic_altar, serial_shops, shop,
          roderic_serpentine_path
D:3:      layout_loops_ring, uniq_sigmund
D:4:      wander_river, layout_basic, portal_sewer_entry_e

Skill      XL: |  1  2  3  4  5  6 |
---------------+-------------------+-----
Dodging        | 3 |  3.8
Short Blades   | 2 3 |  3.0
Armour         | 1 2 |  2.6
Stealth        | 4 |  4.3
Fighting       | 1 |  1.1
Spellcasting   | |  2.5
Hexes          | |  2.9

Action                     |  1- 3 |  4- 6 || total
---------------------------+-------+-------++-------
  Melee: Dagger            |   102 |   157 ||   259
         Peck              |    15 |    26 ||    41
         Kick              |    20 |    39 ||    59
         Punch             |     1 |       ||     1
    Use: Scroll            |       |     7 ||     7
   Stab: Sleeping          |     3 |     2 ||     5
         Distracted        |       |     1 ||     1
 Armour: Robe              |    22 |       ||    22
         Scale mail        |    14 |    84 ||    98
  Dodge: Dodged            |    57 |    58 ||   115

Table legend: (Time is in decaauts)
 A = Elapsed time spent in this place.
 B = Non-inter-level travel time spent in this place.
 C = Inter-level travel time spent in this place.
 D = Time resting spent in this place.
 E = Time spent auto-exploring this place.
 F = Levels seen in this place.
 G = Mean time per level.
                   A        B        C        D        E       F      G
               +--------+--------+--------+--------+--------+-----+--------+
         Total |   2063 |   1975 |     88 |      0 |   1484 |   4 |  515.8 |
       Dungeon |   2063 |   1975 |     88 |      0 |   1484 |   4 |  515.8 |
               +--------+--------+--------+--------+--------+-----+--------+

Top non-repeatable levels by time:
     D:3: 896 daAuts
     D:2: 785 daAuts
     D:1: 315 daAuts
     D:4: 64 daAuts
